 Dungeon Sprint DCSS version 0.22-a0-240-g539252a (webtiles) character file.

12 Azzok the Magician (level 2, -8/24 HPs)
             Began as a Deep Elf Fire Elementalist on Feb 21, 2018.
             Was an Initiate of Sif Muna.
             Mangled by a guardian mummy (12 damage)
             ... in the Dungeon (Sprint V: "Ziggurat Sprint").
             The game lasted 00:01:24 (82 turns).

Azzok the Magician (Deep Elf Fire Elementalist)       Turns: 82, Time: 00:01:24

Health: -8/24      AC: 25    Str: 10    XL:     2   Next: 20%
Magic:  8/9        EV:  2    Int: 19    God:    Sif Muna [......]
Gold:   0          SH:  0    Dex: 27    Spells: 8/9 levels left

rFire    . . .     SeeInvis .   I - +5 executioner's axe
rCold    . . .     Gourm    .   (shield currently unavailable)
rNeg     . . .     Faith    .   J - +15 Maxwell's patent armour {-Cast -Tele rElec MR+ rCorr}
rPois    .         Spirit   .   (no helmet)
rElec    +         Reflect  .   (no cloak)
rCorr    +         Harm     .   (no gloves)
MR       +....     NoTele   +   (no boots) Stlth ..........NoCast +
                                (no amulet)
HPRegen  0.08/turn              z - +6 ring of dexterity
MPRegen  0.11/turn              A - +6 ring of dexterity

@: berserking (expiring), very quick
A: no striking features
a: Renounce Religion


You were in the Dungeon.
You worshipped Sif Muna.
Sif Muna was noncommittal.
You were not hungry.

You visited 1 branch

Inventory:

Hand Weapons
 H - the +6 Majin-Bo {vamp, Archmagi MP+6 Int+6}
   (You found it in the Dungeon)

   It inflicts no extra harm, but heals its wielder when it wounds a living foe.
   It affects your intelligence (+6).
   It affects your magic capacity (+6).
 I - a +5 executioner's axe (weapon)
Armour
 a - a +0 robe
 J - the +15 Maxwell's patent armour (worn) {-Cast -Tele rElec MR+ rCorr}
   (You found it in the Dungeon)

   It insulates you from electricity.
   It affects your resistance to hostile enchantments.
   It prevents spellcasting.
   It prevents most forms of teleportation.
   It protects you from acid and corrosion.
 K - the +18 shield of the Gong {rElec rN+ MR+ EV-5}
   (You found it in the Dungeon)

   It affects your evasion (-5).
   It insulates you from electricity.
   It protects you from negative energy.
   It affects your resistance to hostile enchantments.
Magical Staves
 x - an uncursed staff of energy
Jewellery
 z - a +6 ring of dexterity (left hand)
 A - a +6 ring of dexterity (right hand)
 B - a +6 ring of intelligence
 C - a +6 ring of intelligence
 D - a +6 ring of strength
 E - a +6 ring of strength
 F - an uncursed ring of flight
Wands
 u - a wand of disintegration (7)
 v - a wand of iceblast (7)
 w - a wand of acid (7)
Scrolls
 h - 4 scrolls of blinking
 o - 4 scrolls of amnesia
 p - 7 scrolls of fog
 q - a scroll of holy word
 r - 5 scrolls of identify
 s - 5 scrolls of remove curse
 t - 2 scrolls of fear
Potions
 c - 10 potions of curing
 d - 10 potions of heal wounds
 e - 6 potions of haste
 f - 7 potions of magic
 g - 2 potions of berserk rage
 i - 2 potions of brilliance
 j - 2 potions of invisibility
 k - 4 potions of resistance
 l - a potion of experience
 m - 5 potions of agility
 n - 5 potions of might
Miscellaneous
 y - a crystal ball of energy
 G - a lightning rod (4/4)
Comestibles
 b - 7 rations


   Skills:
 + Level 1.5 Fighting
 - Level 2.4 Dodging
 - Level 2.4 Stealth
 + Level 4.2 Spellcasting
 + Level 2.5 Conjurations
 + Level 4.1 Fire Magic


You had 8 spell levels left.
You knew the following spells:

 Your Spells              Type           Power        Failure   Level  Hunger
a - Flame Tongue          Conj/Fire      ###..        100%        1    None


Dungeon Overview and Level Annotations

Branches:
Dungeon (1/1)

Altars:
Ashenzari
Cheibriados
Dithmenos
Elyvilon
Fedhas
Gozag
Hepliaklqana
Kikubaaqudgha
Makhleb
Nemelex Xobeh
Okawaru
Qazlal
Ru
Sif Muna
Trog
Uskayaw
Vehumet
Wu Jian
Xom
Yredelemnul
Zin
The Shining One
Beogh
Jiyva
Lugonu

Annotations:
D 1 transporter


Message History

Your Maxwell's patent armour prevents you from hitting the guardian mummy.
The guardian mummy barely misses you.
You slice the guardian mummy!!
The guardian mummy is heavily damaged.
The guardian mummy hits you but does no damage.
You hit the guardian mummy.
The guardian mummy is heavily damaged.
The guardian mummy completely misses you.
You slash the guardian mummy!
The guardian mummy is severely damaged.
The guardian mummy hits you but does no damage.
You closely miss the guardian mummy.
The guardian mummy is severely damaged.
The guardian mummy hits you!
* * * LOW HITPOINT WARNING * * *
You hit the guardian mummy.
The guardian mummy is severely damaged.
The guardian mummy hits you!
Ouch! That really hurt!
You die...

▓▓▓▓▓▓▓
▓·8©8·▓
▓·····▓
▓·|·)·▓
▓···M·▓
▓··@··▓
▓··©··▓
▓▓▓▓▓▓▓


You could see a guardian mummy.

Vanquished Creatures
  A mummy (D)
1 creature vanquished.

Notes
Turn   | Place    | Note
-------+----------+-------------------------------------------
     0 | D        | Found the +6 Majin-Bo {vamp, Archmagi MP+6 Int+6}
     0 | D        | Found the +7 great mace "Firestarter" {inner flame, rF++}
     0 | D        | Azzok the Deep Elf Fire Elementalist began the quest for the Orb.
     0 | D        | Reached XP level 1. HP: 10/10 MP: 6/6
     0 | D        | Found a deep blue altar of Sif Muna.
     0 | D        | Found a sacrificial altar of Ru.
     0 | D        | Found a bloodstained altar of Trog.
     0 | D        | Found a stormy altar of Qazlal.
     0 | D        | Found an iron altar of Okawaru.
     0 | D        | Found a sparkling altar of Nemelex Xobeh.
     0 | D        | Found a blossoming altar of Fedhas.
     2 | D        | Found a transporter.
     2 | D        | Found an ancient bone altar of Kikubaaqudgha.
     2 | D        | Found a viscous altar of Jiyva.
     2 | D        | Found a corrupted altar of Lugonu.
     2 | D        | Found a hazy altar of Hepliaklqana.
     2 | D        | Found a burning altar of Makhleb.
     2 | D        | Found an opulent altar of Gozag.
    22 | D        | Found the +9 heavy crossbow "Sniper" {velocity, Acc+∞ SInv}
    22 | D        | Found the +10 dark maul {crush}
    22 | D        | Found the +15 Maxwell's patent armour {-Cast -Tele rElec MR+ rCorr}
    22 | D        | Found the +18 shield of the Gong {rElec rN+ MR+ EV-5}
    22 | D        | Found the cursed +14 obsidian axe {chop, +Fly SInv *Curse}
    41 | D        | Became a worshipper of Sif Muna the Loreminder
    50 | D        | Found the +6 shillelagh "Devastator" {shatter}
    50 | D        | Found the +11 plutonium sword {*Contam Stlth-}
    50 | D        | Found the +8 lance "Wyrmbane" {slay drac, rPois rF+ rC+ AC+3}
    50 | D        | Found the +9 sword of Zonguldrok {reap}
    50 | D        | Found the cursed +13 scythe of Curses {drain, *Curse}
    50 | D        | Found the +0 sword of Power
    50 | D        | Found the +9 mace of Variability {chaos}
    50 | D        | Found the +7 Singing Sword
    50 | D        | Found the +7 longbow "Piercer" {penet, EV-2}
    69 | D        | Entered arena 2.
    69 | D        | Noticed a guardian mummy
    69 | D        | Found a transporter.
    74 | D        | Reached skill level 1 in Fighting
    74 | D        | Reached XP level 2. HP: 16/16 MP: 7/9
    82 | D        | Mangled by a guardian mummy

Vault maps used:
D:        sprint_v

Skill      XL: |  1 |
---------------+----+-----
Fighting       | 1 |  1.5
Spellcasting   | 4 |  4.2
Conjurations   | 2 |  2.5
Fire Magic     | 4 |  4.1
Dodging        | |  2.4
Stealth        | |  2.4

Action                   || total
-------------------------++-------
Melee: Executioner's axe ||     9
  Use: Potion            ||     1
Armor: Plate armour      ||     6
Dodge: Dodged            ||     2

Table legend:
 A = Spawn XP
 B = Non-spawn XP
 C = Spawn XP percentage of total XP
 D = Spawn monster count
 E = Non-spawn monster count
 F = Spawn count percentage of total count
 G = Total turns spent on level
                    A         B        C        D         E        F      G
               +---------+---------+-------+---------+---------+-------+---------
         Total |       0 |      18 |   0.0 |       0 |       1 |   0.0 |    82
               +---------+---------+-------+---------+---------+-------+---------
             D |       0 |      18 |   0.0 |       0 |       1 |   0.0 |    82
               +---------+---------+-------+---------+---------+-------+---------
